Map: Ever Dream LE

Players

SnarkyPants

  • Race: Terran Terran
  • League: Silver
  • Spawn Location: 1:00

antagomiR - Winner!

  • Race: Protoss Protoss
  • League: Gold
  • Spawn Location: 7:00

VOD

Have the link to the VOD?

Description

Time

  • Played on: April 11, 2020, 1:19 p.m.
  • Length: 16:40
Show
View Real Time Build Order
Export as new Build Order

SnarkyPants Terran 

Build Orders: 1/1/1 

Get SALT Encoding   

  12  0:01  SCV  
  13  0:14  Supply Depot  
  13  0:18  SCV  
  14  0:26  Refinery  
  14  0:40  Barracks  
  15  0:42  SCV  
  15  0:54  SCV  
  16  1:04  Barracks  
  16  1:08  SCV  
  17  1:20  SCV  
  18  1:29  Factory  
  18  1:32  Marine  
  19  1:35  SCV  
  20  1:44  Refinery  
  20  1:50  SCV  
  20  1:53  Marine  
  22  2:01  Supply Depot  
  22  2:04  SCV  
  23  2:19  Starport  
  23  2:24  Hellion  
  23  2:25  SCV  
  26  2:30  Marine  
  27  2:43  Orbital Command  
  27  2:44  Barracks Tech Lab  
  27  3:03  Medivac  
  29  3:07  Supply Depot  
  29  3:08  Hellion  
  31  3:29  Marauder  
  33  3:35  Medivac  
  33  3:37  Marine  
  33  3:40  Stimpack  
  36  3:47  Engineering Bay  
  36  3:51  Marauder  
  38  3:56  Factory Tech Lab  
  38  4:03  Marine  
  39  4:13  Supply Depot  
  39  4:24  Missile Turret  
  39  4:36  Sensor Tower, Siege Tank  
  42  4:39  Marine, Marauder  
  42  4:41  Medivac  
  47  5:10  Command Center  
  47  5:35  Infernal Pre-Igniter  
  47  5:48  Starport Tech Lab  
  47  5:59  Missile Turret  
  47  6:01  Supply Depot  
  47  6:20  Factory, Missile Turret  
  47  6:31  Supply Depot  
  47  6:32  Marauder  
  49  6:36  Terran Infantry Weapons Level 1  
  49  6:37  Concussive Shells  
  49  6:38  Barracks Tech Lab  
  49  6:39  Siege Tank  
  52  6:47  Armory  
  52  6:56  Supply Depot, Refinery  
  52  7:03  Starport  
  43  7:58  Marauder  
  43  7:59  Marine  
  43  8:01  Banshee  
  43  8:02  Starport Tech Lab  
  45  8:18  Supply Depot  
  45  8:19  SCV  
  43  8:25  Marauder  
  43  8:26  Marauder  
  47  8:31  SCV  
  47  8:32  Widow Mine  
  50  8:34  Drilling Claws  
  50  8:43  SCV  
  50  8:46  Marauder  
  50  8:47  Marauder  
  55  8:51  Refinery  
  55  8:55  SCV  
  56  9:07  SCV  
  56  9:09  Marauder  
  61  9:10  Marauder  
  61  9:12  Terran Infantry Weapons Level 2  
  61  9:19  SCV, Banshee  
  61  9:23  Banshee  
  68  9:28  Cloaking Field  
  68  9:31  SCV  
  69  9:44  SCV  
  70  9:46  Siege Tank  
  73  10:00  Bunker  
  73  10:02  Raven  
  75  10:20  Viking  
  77  10:33  Widow Mine  
  77  10:34  Widow Mine  
  81  10:41  Marauder  
  81  10:42  Marauder  
  85  10:51  Viking  
  85  10:52  Viking  
  89  11:03  Widow Mine  
  91  11:20  SCV  
  91  11:24  Widow Mine  
  94  11:37  Supply Depot  
  94  11:41  Terran Ship Weapons Level 1  
  94  11:45  Terran Infantry Armor Level 1  
  94  11:46  Armory  
  94  11:48  Hyperflight Rotors  
  94  11:59  SCV, Widow Mine x2  
  94  12:01  Supply Depot  
  99  12:05  Viking  
  101  12:22  Viking  
  101  12:23  Widow Mine x2  
  101  12:26  Orbital Command  
  107  12:44  Terran Vehicle And Ship Armor Level 1  
  107  12:45  Supply Depot  
  107  13:08  Supply Depot  
  107  13:10  Viking  
  107  13:11  Viking  
  111  13:17  Siege Tank  
  111  13:18  Starport, Widow Mine  
  116  13:38  Supply Depot  
  116  13:39  Terran Ship Weapons Level 2  
  116  13:40  Widow Mine  
  118  13:57  Viking  
  118  13:59  Raven  
  118  14:00  Supply Depot, Siege Tank  
  125  14:33  Banshee  
  125  14:35  Viking  
  130  15:03  Siege Tank  
  130  15:05  Banshee  
  42  15:44  Marauder  
  42  15:45  Marauder  
Show
View Real Time Build Order
Export as new Build Order

antagomiR Protoss - Winner!

Build Orders:  

Get SALT Encoding   

  12  0:01  Probe  
  13  0:13  Probe  
  14  0:18  Pylon  
  14  0:25  Probe  
  15  0:38  Gateway  
  15  0:39  Probe  
  16  0:51  Assimilator  
  16  0:52  Probe  
  17  1:04  Probe  
  18  1:16  Probe  
  19  1:26  Cybernetics Core  
  19  1:28  Probe, Assimilator  
  20  1:37  Pylon  
  20  1:41  Probe  
  21  1:53  Probe  
  22  2:00  Warp Gate (Chrono Boost)  
  22  2:07  Robotics Facility  
  22  2:13  Probe  
  23  2:25  Probe  
  24  2:37  Nexus  
  24  2:42  Gateway  
  24  2:45  Gateway  
  24  2:51  Probe  
  24  2:56  Stalker  
  27  3:06  Pylon  
  27  3:07  Probe  
  27  3:19  Probe, Observer  
  29  3:27  Stalker (Chrono Boost)  
  29  3:31  Probe  
  32  3:37  Shield Battery  
  32  3:46  Immortal  
  36  3:49  Probe  
  36  3:54  Probe  
  38  4:00  Sentry  
  38  4:01  Probe, Sentry  
  43  4:09  Probe  
  44  4:14  Probe  
  45  4:17  Assimilator  
  45  4:20  Pylon  
  45  4:21  Probe  
  46  4:29  Probe  
  47  4:33  Probe  
  48  4:51  Probe x2  
  50  4:54  Stalker x2  
  50  4:55  Stalker  
  50  4:56  Observer  
  57  5:03  Probe  
  58  5:08  Probe  
  58  5:13  Pylon  
  59  5:15  Pylon  
  59  5:16  Probe  
  59  5:19  Robotics Bay  
  59  5:20  Probe  
  61  5:28  Probe  
  62  5:32  Probe, Assimilator  
  63  5:40  Probe  
  64  5:44  Probe  
  64  5:46  Pylon  
  64  5:49  Immortal  
  69  5:50  Forge  
  69  6:07  Probe x2  
  71  6:19  Probe  
  71  6:22  Nexus  
  72  6:28  Probe, Immortal  
  72  6:29  Protoss Ground Weapons Level 1  
  72  6:32  Probe, Shield Battery  
  78  6:38  Zealot x2  
  82  6:44  Pylon  
  82  6:59  Probe  
  82  7:00  Probe  
  84  7:02  Sentry  
  84  7:07  Colossus  
  92  7:12  Probe  
  93  7:24  Pylon  
  93  7:26  Pylon  
  82  7:40  Zealot x3  
  84  7:47  Pylon  
  84  7:49  Pylon  
  84  7:59  Gateway  
  84  8:00  Gateway  
  84  8:03  Gateway  
  84  8:06  Gateway  
  84  8:09  Gateway  
  84  8:14  Gateway  
  84  8:19  Gateway  
  84  8:21  Zealot  
  84  8:22  Zealot x2  
  90  8:37  Protoss Ground Armor Level 1  
  90  8:43  Photon Cannon  
  90  8:47  Pylon  
  90  8:54  Photon Cannon  
  90  8:57  Twilight Council  
  90  8:59  Probe x2  
  90  9:01  Immortal  
  96  9:11  Probe x2  
  96  9:14  Shield Battery  
  96  9:15  Shield Battery  
  98  9:18  Assimilator  
  98  9:23  Probe x2  
  100  9:33  Zealot x4  
  108  9:40  Warp Prism  
  110  9:48  Templar Archives  
  110  9:56  Photon Cannon  
  110  10:05  Photon Cannon  
  110  10:10  Shield Battery  
  110  10:13  Photon Cannon  
  110  10:15  Photon Cannon  
  110  10:18  Photon Cannon  
  110  10:21  Assimilator  
  110  10:32  Zealot  
  110  10:33  Zealot x3  
  118  10:35  High Templar  
  118  10:36  High Templar  
  118  10:40  Archon  
  122  10:44  Probe x2  
  122  10:49  Probe  
  124  10:56  Probe x2  
  126  11:01  Probe  
  127  11:08  Probe x2  
  129  11:13  Probe  
  130  11:20  Probe  
  130  11:23  High Templar x5  
  130  11:24  High Templar x4  
  149  11:27  Archon x2  
  149  11:28  Archon x2  
  149  12:00  Pylon  
  149  12:01  Pylon  
  149  12:08  Pylon  
  149  12:09  Pylon  
  149  12:11  Pylon  
  149  12:14  Pylon  
  149  12:18  Probe x3, Nexus  
  149  12:19  Immortal  
  156  12:39  Pylon  
  156  12:41  Pylon  
  156  12:46  Observer  
  156  12:47  Zealot x2  
  156  12:48  High Templar x2  
  156  12:49  High Templar x4  
  156  12:50  High Templar x2  
  176  12:52  Archon  
  176  12:53  Archon  
  176  12:58  Immortal  
  179  13:17  Stalker x2  
  183  13:37  Observer  
  184  13:45  High Templar x2  
  184  13:46  High Templar x4  
  184  13:47  High Templar x2  
  200  13:50  Archon x2  
  200  13:51  Archon x2  
  200  14:24  Shield Battery  
  200  14:25  Shield Battery  
  200  14:29  Photon Cannon  
  200  14:32  Photon Cannon  
  200  14:33  Photon Cannon  
  200  14:37  Photon Cannon  
  200  14:39  Photon Cannon  
  200  14:43  Assimilator  
  200  14:47  Assimilator  
  159  15:19  High Templar  
  159  15:20  High Templar x5  
  159  15:21  High Templar x4  
  153  15:23  Archon  
  153  15:24  Archon x2  
  153  15:25  Archon x2  
  128  16:05  Zealot x5  
  128  16:06  Zealot x3  
  128  16:07  Zealot x2  
Tags
 
Matchup
PvT
Opening
1/1/1
Replay Pack
20200422
Spawn Locations
Cross Positions
Add a new tag
Caveats
  • Supply blocks, unpowered buildings, or Contaminate may cause inaccurate times.
  • Supply counts are checked every 10 seconds.